 Dungeon Crawl Stone Soup version 0.26-a0-1222-g14533b3512 (webtiles) character file.

Game seed: 2237284219059793432

149 knot the Chopper (level 5, 49/61 HPs)
             Began as a Demonspawn Berserker on Dec 31, 2020.
             Was a Believer of Trog.
             Quit the game on level 3 of the Dungeon.
             The game lasted 00:03:55 (2588 turns).

knot the Chopper (Demonspawn Berserker)             Turns: 2588, Time: 00:03:56

Health: 49/61      AC:  6    Str: 17    XL:     5   Next: 9%
Magic:  2/5        EV: 11    Int:  9    God:    Trog [**....]
Gold:   36         SH:  0    Dex: 13    Spells: 4/4 levels left

rFire    + . .     SeeInvis .   a - +0 hand axe
rCold    . . .     Faith    .   (no shield)
rNeg     . . .     Spirit   +   e - +0 ring mail
rPois    .         Reflect  .   l - +0 helmet
rElec    .         Harm     .   (no cloak)
rCorr    +         Rampage  .   (no gloves)
Will     ++...                  (no boots)
Stlth    ..........             (no amulet)
HPRegen  1.20/turn              f - ring of protection from fire
MPRegen  0.09/turn              g - ring of resist corrosion

@: berserking, regenerating, very quick
A: talons 1, magic shield
a: Renounce Religion, Berserk, Trog's Hand


You were on level 3 of the Dungeon.
You worshipped Trog.
Trog was pleased with you.
You visited 1 branch of the dungeon, and saw 3 of its levels.

You collected 36 gold pieces.

Inventory:

Hand Weapons
 a - a +0 hand axe (weapon)
Missiles
 j - 43 poisoned darts (quivered)
Armour
 e - a +0 ring mail (worn)
 l - a +0 helmet (worn)
Jewellery
 f - a ring of protection from fire (left hand)
 g - a ring of resist corrosion (right hand)
 o - an uncursed ring of poison resistance {unknown}
 r - an uncursed ring of flight {unknown}
Scrolls
 d - 2 scrolls of remove curse
 h - a scroll of blinking {unknown}
 i - 3 scrolls of identify
 n - 2 scrolls of enchant armour {unknown}
 p - a scroll of fear {unknown}
 q - 4 scrolls of magic mapping {unknown}
 s - a scroll of teleportation {unknown}
 t - a scroll of enchant weapon {unknown}
Potions
 b - a potion of resistance {unknown}
 c - a potion of mutation {unknown}
 k - 2 potions of heal wounds {unknown}
 m - a potion of attraction {unknown}


   Skills:
 - Level 3.0 Fighting
 + Level 5.3 Axes
 - Level 1.7 Armour
 - Level 1.7 Dodging


You had 4 spell levels left.
You didn't know any spells.
Your spell library was empty.

Dungeon Overview and Level Annotations

Branches:
Dungeon (3/15)

Altars:


Innate Abilities, Weirdness & Mutations

You have sharp toenails.
When hurt, damage is shared between your health and your magic reserves.


Message History

The orc wizard hits you but does no damage.
A red film seems to cover your vision as you go berserk!
You feel yourself moving faster!
You feel mighty!
The orc wizard hits you with a +0 dagger.
The orc hits you with a +0 short sword.
You slash the orc wizard!
The orc wizard is almost dead.
You barely miss the orc. The orc wizard completely misses you.
You slash the orc wizard!
You kill the orc wizard!
Trog accepts your kill.
Trog appreciates your killing of a magic user.
You hit the orc. You slash the kobold!
You kill the kobold!
Trog accepts your kill. The orc barely misses you.
You have reached level 5!
Your demonic ancestry asserts itself...
Your toenails lengthen and sharpen.
Are you sure you want to abandon this character and quit the game? (Confirm with "yes".)

###..........#
.............##
.............#
..o.........#
#............#
.o.......#..#.##
#))...........#
#o@.)......#..#⌠
######..............#
#....................
#............#.......
#...[....†......$....
...........).........
.........((..<#.....
####......#...# .#.
.. #......#...#


You could see 3 orcs.

Vanquished Creatures
  An orc wizard (D:3)
  Robin (D:2)
  4 adders (D:2)
  An ooze (D:3)
  A dart slug (D:1)
  A leopard gecko (D:2)
  3 giant cockroaches
  20 goblins
  8 hobgoblins
  7 kobolds
  2 quokkas (D:2)
  A ball python (D:1)
  3 bats (D:2)
  5 frilled lizards
  3 rats
61 creatures vanquished.

Notes
Turn   | Place    | Note
-------+----------+-------------------------------------------
     0 | D:1      | knot the Demonspawn Berserker began the quest for the Orb.
     0 | D:1      | Reached XP level 1. HP: 18/18 MP: 1/1
   201 | D:1      | Reached skill level 3 in Axes
   210 | D:1      | Gained mutation: When hurt, damage is shared between your
                  | health and your magic reserves. [demonic ancestry]
   210 | D:1      | Reached XP level 2. HP: 14/24 MP: 2/2
   235 | D:1      | HP: 1/24 [kobold/+0 whip (1)]
  1182 | D:1      | You fall into a shaft and drop 1 floor!
  1205 | D:2      | Reached XP level 3. HP: 28/29 MP: 1/3
  1214 | D:2      | Reached ** piety under Trog
  1246 | D:2      | Reached skill level 4 in Axes
  1338 | D:2      | Noticed Robin
  1351 | D:2      | Killed Robin
  1404 | D:2      | Reached XP level 4. HP: 35/35 MP: 4/4
  2551 | D:3      | Reached skill level 5 in Axes
  2588 | D:3      | Gained mutation: You have sharp toenails. [demonic
                  | ancestry]
  2588 | D:3      | Reached XP level 5. HP: 41/41 MP: 2/5
  2588 | D:3      | Quit the game

Illustrated notes

Levels and vault maps discovered:
D:1:      minmay_arrival_up_and_down, layout_basic
D:2:      layout_basic, uniq_robin
D:3:      layout_basic, nicolae_tso_swordbearing_angel, serial_aquarium,
          aquarium_bridge_square [aquarium_subvault_window,
          aquarium_subvault_wall, aquarium_subvault_bridge,
          aquarium_subvault_window], aquarium_window_corridor_3,
          aquarium_window_corner, aquarium_window_fake, aquarium_window_fake,
          aquarium_view_2c, aquarium_view_2c, aquarium_pool_side,
          evilmike_ruin_ashenzari, uniq_sigmund

Skill      XL: |  1  2  3  4 |
---------------+-------------+-----
Axes           | 3 4 5 |  5.3
Fighting       | |  3.0
Armour         | |  1.7
Dodging        | |  1.7

Action                   |  1- 3 |  4- 6 || total
-------------------------+-------+-------++-------
Melee: Hand axe          |   115 |    75 ||   190
Throw: Dart              |     6 |       ||     6
Invok: Berserk           |     2 |     1 ||     3
       Trog's Hand       |       |     1 ||     1
  Use: Scroll            |     1 |       ||     1
Armor: Animal skin       |     6 |       ||     6
       Ring mail         |    19 |    29 ||    48
Dodge: Dodged            |    66 |    51 ||   117

Table legend: (Time is in decaauts)
 A = Elapsed time spent in this place.
 B = Non-inter-level travel time spent in this place.
 C = Inter-level travel time spent in this place.
 D = Time resting spent in this place.
 E = Time spent auto-exploring this place.
 F = Levels seen in this place.
 G = Mean time per level.
                   A        B        C        D        E       F      G
               +--------+--------+--------+--------+--------+-----+--------+
         Total |   2618 |   2501 |    117 |   1063 |   1024 |   3 |  872.7 |
       Dungeon |   2618 |   2501 |    117 |   1063 |   1024 |   3 |  872.7 |
               +--------+--------+--------+--------+--------+-----+--------+

Top non-repeatable levels by time:
     D:1: 1354 daAuts
     D:2: 1220 daAuts
     D:3: 43 daAuts
